 Dungeon Crawl Stone Soup version 0.31-a0-1616-gbeaec30b81 (webtiles) character file.

Game seed: 1988824942348667249

816 Dordric the Mimic (level 7, -5/43 HPs)
             Began as an Octopode Shapeshifter on Jan 11, 2024.
             Killed from afar by Dowan (21 damage)
             ... with a shard of ice
             ... on level 4 of the Dungeon.
             The game lasted 00:04:33 (3913 turns).

Dordric the Mimic (Octopode Shapeshifter)           Turns: 3913, Time: 00:04:34

Health: -5/43      AC:  1    Str: 15    XL:     7   Next: 94%
Magic:  7/7        EV: 17    Int: 19    God:
Gold:   127        SH:  0    Dex: 11    Spells: 6/6 levels left

rFire   . .          .
                       - Unarmed
rCold   . . .        (shield currently unavailable)
rNeg    . . .        (helmet restricted)
rPois   .            (no amulet)
rElec   .            h - +6 ring of intelligence
rCorr   .            (no ring)
SInv    .            (no ring)
Will    .....        (no ring)
Stlth   +            (no ring)
HPRegen 0.27/turn    (no ring)
MPRegen 0.10/turn    (no ring)
                     (no ring)

%: no passive effects
@: flux-form, glowing
A: glow, contaminating, almost no armour, amphibious, 8 rings, camouflage 1,
gelatinous body 1, (nimble swimmer 1), tentacles
a: Begin Untransformation


You were on level 4 of the Dungeon.
You were something dangerously unstable.
You visited 1 branch of the dungeon, and saw 4 of its levels.
You also visited: Sewer.

You collected 127 gold pieces.

Inventory:

Jewellery
 h - a +6 ring of intelligence (left tentacle)
Talismans
 b - a beast talisman
 c - a flux talisman (active)
Wands
 i - a wand of paralysis (9)
Scrolls
 d - a scroll of noise
 e - a scroll of enchant armour
 f - a scroll of amnesia
 j - a scroll of fog
 k - 2 scrolls of fear
 o - a scroll of vulnerability
 r - 2 scrolls of teleportation {unknown}
 x - a scroll of identify
Potions
 a - a potion of lignification
 g - a potion of enlightenment {unknown}
 l - a potion of attraction {unknown}
 m - a potion of resistance {unknown}
 n - 2 potions of mutation {unknown}
 p - a potion of might {unknown}
 q - a potion of haste {unknown}
 s - 3 potions of heal wounds {unknown}
 t - a potion of invisibility {unknown}
 u - a potion of ambrosia {unknown}
 v - a potion of magic {unknown}
 w - a potion of degeneration {unknown}


   Skills:
 - Level 1.0 Fighting
 - Level 2.0 Dodging
 - Level 3.0 Unarmed Combat
 + Level 8.5 Shapeshifting


You had 6 spell levels left.
You didn't know any spells.
Your spell library contained the following spells:

 Spells                   Type           Power      Damage    Failure   Level
 Magic Dart               Conj           0%         1d3       21%         1
 Sandblast                Erth           0%         2d4       21%         1
 Blink                    Tloc           0%         N/A       30%         2
 Call Imp                 Summ           0%         N/A       30%         2
 Passwall                 Erth           0%         N/A       52%         3
 Stone Arrow              Conj/Erth      0%         3d7       52%         3
 Brom's Barrelling Bould  Conj/Erth      0%         2d3       90%         4


Dungeon Overview and Level Annotations

Branches:
Dungeon (4/15)              Sewer (visited)
 Temple: D:4-7

Altars:
Makhleb
Nemelex Xobeh
Yredelemnul

Shops:
D:2 [

Annotations:
D:4 Dowan


Innate Abilities, Weirdness & Mutations

You are something dangerously unstable.
You glow with magical radiation, making you easy to see and hit.
Foes you strike become dangerously contaminated with magical radiation.
You are incapable of wielding weapons or throwing items.
You cannot wear most types of armour.
You are amphibious.
You can wear up to eight rings at the same time.
Your skin changes colour to match your surroundings (Stealth+).
Your rubbery body absorbs attacks. (AC +1, EV +1)
((You are camouflaged when in or above water. (Stealth+)))
You have tentacles for arms and can constrict up to eight enemies at once.


Message History

Duvessa easily resists.
You tentacle-slap Duvessa but do no damage.
Duvessa begins to glow.
You grab Duvessa. You constrict Duvessa.
Duvessa hits you with a +0 short sword.
You tentacle-slap Duvessa.
Duvessa glows dangerously bright.
You squeeze Duvessa.
Duvessa is moderately wounded.
You constrict Duvessa.
Duvessa says, "Where magic fails, the sword succeeds!"
Duvessa barely misses you.
You tentacle-slap Duvessa.
Duvessa shudders as magic cascades through her.
Duvessa twists and deforms.
Duvessa is heavily wounded.
You constrict Duvessa. You tentacle-slap Duvessa.
Duvessa begins to glow.
Duvessa is severely wounded.
You constrict Duvessa. Duvessa barely misses you.
You tentacle-slap Duvessa.
Duvessa glows dangerously bright.
Duvessa is severely wounded.
You constrict Duvessa. Duvessa hits you with a +0 short sword.
You tentacle-slap Duvessa but do no damage.
Duvessa shudders as magic cascades through her.
You kill Duvessa!
Dowan screams, "No!
No!"
Dowan seems to find hidden reserves of power!
Dowan hits you with a +0 dagger.
You miss Dowan. Your grab misses Dowan. Dowan barely misses you.
You barely miss Dowan. You grab Dowan. You constrict Dowan. Dowan misses you.
Dowan hits you with a +0 dagger.
You tentacle-slap Dowan but do no damage.
Dowan begins to glow.
Dowan is lightly wounded.
You constrict Dowan. Dowan hits you with a +0 dagger.
You tentacle-slap Dowan.
Dowan glows dangerously bright.
Dowan is moderately wounded.
You constrict Dowan.
Dowan points at you and mumbles some strange words.
The shard of ice hits you!!
You die...

#####.'.#..#
#..#..........##
###..#.#
#.....#####.#### #....#
#...#.#........# ######
#.###.#.#.#....#.# #.
#.#.# #.#>.#.### #.
#.#.# #....#.#..
#.###.#.# ###..#.#.#
###.#...#.# ...#...#
##...#p###.######.#####
#....#e# #...# #......
#..e...#####.# #######
#..#####.....# # ...
#.########### # #
#.##........#
#.##.######.####
#...........#...
#####.#######.##


You could see Dowan (fast, heavy contam).

Vanquished Creatures
  Sigmund (D:2)
  Edmund (D:4)
  A water moccasin (D:4)
  Duvessa (D:4)
  A kobold brigand (Sewer)
  A phantom (D:4)
  An orc wizard (D:4)
  5 adders
  3 river rats (Sewer)
  A dart slug (D:2)
  2 ribbon worms (D:3)
  2 orcs (D:4)
  14 ball pythons
  3 bats
  4 endoplasms
  7 giant cockroaches
  2 goblins
  2 hobgoblins
  7 jackals
  15 kobolds
  4 quokkas
  3 frilled lizards
  24 rats
  A butterfly (D:2)
106 creatures vanquished.

Notes
Turn   | Place    | Note
-------+----------+-------------------------------------------
     0 | D:1      | Dordric the Octopode Shapeshifter began the quest for the
                  | Orb.
     0 | D:1      | Reached XP level 1. HP: 13/13 MP: 1/1
   138 | D:1      | Reached XP level 2. HP: 7/18 MP: 2/2
   594 | D:2      | Found Puosm's Antique Armour Shoppe.
   648 | D:2      | Identified the +3 leather armour of Riaps {^Contam Rampage
                  | rC++ SInv}
   715 | D:2      | Reached XP level 3. HP: 20/23 MP: 3/3
   755 | D:2      | Reached skill level 4 in Shapeshifting
   885 | D:2      | Noticed Sigmund
   899 | D:2      | Killed Sigmund
   900 | D:2      | Reached skill level 5 in Shapeshifting
   900 | D:2      | Reached XP level 4. HP: 28/28 MP: 4/4
   900 | D:2      | Reached XP level 5. HP: 33/33 MP: 5/5
  1226 | D:2      | Reached skill level 6 in Shapeshifting
  1483 | D:3      | Found a burning altar of Makhleb.
  1664 | D:3      | Reached XP level 6. HP: 38/38 MP: 6/6
  1744 | D:3      | Found a glowing drain.
  1786 | Sewer    | Entered a sewer
  3073 | D:3      | Found a sparkling altar of Nemelex Xobeh.
  3073 | D:3      | Found a basalt altar of Yredelemnul.
  3347 | D:4      | Noticed a water moccasin
  3355 | D:4      | Killed a water moccasin
  3356 | D:4      | Reached skill level 7 in Shapeshifting
  3356 | D:4      | Reached XP level 7. HP: 43/43 MP: 7/7
  3420 | D:4      | Noticed Edmund
  3431 | D:4      | Killed Edmund
  3746 | D:4      | Reached skill level 8 in Shapeshifting
  3899 | D:4      | Noticed Duvessa
  3899 | D:4      | Noticed Dowan
  3909 | D:4      | Killed Duvessa
  3913 | D:4      | Killed from afar by Dowan

Illustrated notes

Levels and vault maps discovered:
D:1:      onia_arrival_mini_maze_b, layout_rooms, chequers_serial_rivers_room_b,
          chequers_garden
D:2:      layout_loops_ring, serial_shops, shop, hangedman_glass_garden,
          uniq_sigmund
D:3:      layout_basic, bloody_makhleb, gammafunk_temple_overflow_wave,
          gup_sewer_entry_pipe
D:4:      layout_basic, kennysheep_generic_room_14, uniq_duvessa, uniq_edmund

Skill      XL: |  1  2  3  4  5  6  7 |
---------------+----------------------+-----
Shapeshifting  | 5 6 7 8 |  8.5
Fighting       | |  1.0
Dodging        | |  2.0
Unarmed Combat | |  3.0

Action                     |  1- 3 |  4- 6 |  7- 9 || total
---------------------------+-------+-------+-------++-------
  Melee: Unarmed           |    40 |   148 |    39 ||   227
         Constrict         |    13 |    37 |     9 ||    59
         Tentacles         |     8 |    24 |    13 ||    45
         Punch             |     3 |     4 |       ||     7
  Evoke: Wand              |       |     4 |     2 ||     6
    Use: Scroll            |       |     6 |       ||     6
   Stab: Sleeping          |     9 |     6 |       ||    15
         Paralysed         |       |     3 |     5 ||     8
         Distracted        |       |     1 |       ||     1
 Armour: Skin              |    14 |    90 |    15 ||   119
  Dodge: Dodged            |    26 |   114 |     9 ||   149
   Form: Flux              |     1 |     1 |       ||     2
         Beast             |     1 |       |       ||     1

Table legend: (Time is in decaauts)
 A = Elapsed time spent in this place.
 B = Non-inter-level travel time spent in this place.
 C = Inter-level travel time spent in this place.
 D = Time resting spent in this place.
 E = Time spent auto-exploring this place.
 F = Levels seen in this place.
 G = Mean time per level.
                   A        B        C        D        E       F      G
               +--------+--------+--------+--------+--------+-----+--------+
         Total |   3899 |   3831 |     68 |    454 |   2710 |   5 |  779.8 |
       Dungeon |   2672 |   2604 |     68 |     99 |   2112 |   4 |  668.0 |
         Sewer |   1227 |   1227 |      0 |    355 |    598 |   1 | 1227.0 |
               +--------+--------+--------+--------+--------+-----+--------+

Top non-repeatable levels by time:
   Sewer: 1227 daAuts
     D:2: 804 daAuts
     D:3: 702 daAuts
     D:4: 593 daAuts
     D:1: 572 daAuts
